 Dungeon Crawl Stone Soup version 0.30-a0-737-gf23d94013f (webtiles) character file.

Game seed: 15851642451375308098

55394 bmack86 the Severer (level 14, -5/129 HPs)
             Began as a Minotaur Fighter on Feb 3, 2023.
             Was a High Priest of Okawaru.
             Killed from afar by a starcursed mass (8 damage)
             ... with an accursed screaming
             ... on level 2 of the Abyss.
             The game lasted 00:41:33 (16028 turns).

bmack86 the Severer (Minotaur Fighter)             Turns: 16028, Time: 00:41:34

Health: -5/129     AC: 46    Str: 26    XL:     14   Next: 38%
Magic:  11/11      EV:  9    Int:  5    God:    Okawaru [*****.]
Gold:   2244       SH: 20    Dex: 10    Spells: 13/13 levels left

rFire   + . .      SeeInvis .    w - +4 broad axe (venom)
rCold   + + .      Faith    .    o - +2 kite shield {AC+3}
rNeg    . . .      Spirit   .    G - +2 plate armour {rF+}
rPois   .          Reflect  +    O - +2 hat
rElec   .          Harm     .    I - +2 cloak
rCorr   .          Rampage  .    S - +4 pair of gloves "Vafukim" {rC++ MP-9 Slay+2}
Will    +....                    m - +2 pair of boots Stlth
                                 g - amulet of reflection
HPRegen 0.00/turn                h - +4 ring of protection
MPRegen 0.12/turn                P - +4 ring of protection

@: heroic, sick, studying Unarmed Combat
A: horns 2, retaliatory headbutt
a: Renounce Religion, Heroism, Finesse, Duel


You were on level 2 of the Abyss.
You worshipped Okawaru.
Okawaru was extremely pleased with you.
You visited 3 branches of the dungeon, and saw 17 of its levels.
You visited the Abyss 1 time.
You also visited: Ossuary and Volcano.

You collected 2431 gold pieces.
You spent 187 gold pieces at shops.

Inventory:

Hand Weapons
 a - a +5 war axe of flaming
 w - a +4 broad axe of venom (weapon)
Missiles
 r - 2 throwing nets
 s - 70 poisoned darts
 v - 10 boomerangs (quivered)
 R - a silver javelin
Armour
 m - a +2 pair of boots (worn)
 o - a +2 kite shield of protection (worn)
 G - a +2 plate armour of fire resistance (worn)
 I - a +2 cloak (worn)
 M - +0 pearl dragon scales
 O - a +2 hat (worn)
 S - the +4 pair of gloves "Vafukim" (worn) {rC++ MP-9 Slay+2}
   (Okawaru gifted it to you on level 5 of the Lair of Beasts)

   Slay:      It affects your accuracy & damage with ranged weapons and melee
   (+2).
   rC:        It greatly protects you from cold.
   MP:        It affects your magic capacity (-9).
Jewellery
 b - a ring of ice
 g - an amulet of reflection (around neck)
 h - a +4 ring of protection (left hand)
 i - a +4 ring of protection
 B - a ring of flight
 K - an amulet of the acrobat
 P - a +4 ring of protection (right hand)
 Q - a ring of poison resistance
Wands
 f - a wand of flame (37)
 x - a wand of paralysis (17)
 y - a wand of polymorph (9)
 L - a wand of iceblast (10)
Scrolls
 c - a scroll of silence
 j - 4 scrolls of vulnerability
 n - 8 scrolls of identify
 A - 7 scrolls of teleportation
 C - a scroll of blinking
 D - 4 scrolls of fog
 E - 2 scrolls of magic mapping
 F - 2 scrolls of amnesia
Potions
 d - 6 potions of might
 e - 2 potions of ambrosia
 k - 7 potions of haste
 l - 2 potions of brilliance
 p - 3 potions of berserk rage
 q - a potion of curing
 t - 5 potions of lignification
 u - 6 potions of attraction
 z - 2 potions of cancellation
 H - 9 potions of mutation
 J - 2 potions of flight


   Skills:
 + Level 13.1(18.1) Fighting
 - Level 18.0(23.0) Axes
 - Level 10.0(15.0) Throwing
 + Level 13.1(18.1) Armour
 + Level 13.1(18.1) Shields
 + Level 9.8 Invocations


You had 13 spell levels left.
You didn't know any spells.
Your spell library contained the following spells:

 Spells                   Type           Power      Damage    Failure   Level
 Foxfire                  Conj/Fire      0%         2x1d4     99%         1
 Magic Dart               Conj           0%         1d3       99%         1
 Searing Ray              Conj           0%         2d4       100%        2
 Ignite Poison            Fire/Tmut/Pois 0%         N/A       100%        3
 Fulminant Prism          Conj/Hex       0%         3d5       100%        4
 Sticky Flame             Conj/Fire      0%         2d3       100%        4
 Fireball                 Conj/Fire      0%         3d3       100%        5
 Iskenderun's Battlesphe  Conj           0%         2d6       100%        5
 Conjure Ball Lightning   Conj/Air       0%         3x3d6     100%        6
 Starburst                Conj/Fire      0%         6d3       100%        6
 Orb of Destruction       Conj           0%         9d5       100%        7
 Ignition                 Fire           0%         3d3       100%        8


Dungeon Overview and Level Annotations

Branches:
Dungeon (11/15)            Temple (1/1) D:5            Lair (5/5) D:10
  Swamp (0/4) Lair:2       Spider (0/4) Lair:2        Slime (0/5) Lair:4
Ossuary (visited)         Volcano (visited)
    Orc: D:9-12

Altars:
Ashenzari
Cheibriados
Dithmenos
Elyvilon
Fedhas
Gozag
Hepliaklqana
Kikubaaqudgha
Makhleb
Nemelex Xobeh
Okawaru
Qazlal
Ru
Sif Muna
Trog
Uskayaw
Vehumet
Wu Jian
Xom
Yredelemnul
Zin
The Shining One

Shops:
D:5 [   D:11 *


Innate Abilities, Weirdness & Mutations

You have a pair of horns on your head.
You reflexively headbutt those who attack you in melee.


Message History

A chorus of shrieks assaults your mind.
* * * LOW HITPOINT WARNING * * *
You block the ufetubus's attack. The ufetubus closely misses you.
You block the hellwing's attack.
The hellwing hits you but does no damage.
You barely miss the hellwing.
The hellwing is severely wounded.
You closely miss the ufetubus.
The ufetubus hits you but does no damage.
You block the ufetubus's attack.
You slice the hellwing!!
You kill the hellwing!
Okawaru accepts your kill.
You slash the starcursed mass! You slice the ufetubus!!
You kill the ufetubus!
The ufetubus disappears in a puff of smoke!
The starcursed mass shudders and withdraws towards its neighbour.
A starcursed mass splits.
A chorus of shrieks assaults your mind.
* * * LOW HITPOINT WARNING * * *
You slice the ufetubus!!
You kill the ufetubus!
The ufetubus disappears in a puff of smoke!
The ynoxinul gestures.
You slice the ufetubus!!
You kill the ufetubus!
The ufetubus disappears in a puff of smoke!
You barely miss the ufetubus.
The ufetubus disappears in a puff of smoke!
You block the ufetubus's attack. x2
You hit the ufetubus.
The ufetubus is poisoned.
Your headbutt misses the ufetubus.
The ufetubus is almost dead.
You miss the ufetubus.
You kill the ufetubus!
The ufetubus disappears in a puff of smoke!
The ufetubus closely misses you. You block the ufetubus's attack.
A starcursed mass splits.
A chorus of shrieks assaults your mind.
You die...

. .# #.# ##
###.§. ####.#
.55X# ..#..#
#.###.X##.#..#.#
#.
.5§X#.......##
.. ###.#5.###
#..# # #..X5@#..
.. .#. #
#..##.## ...#
... #...
#.#....## . ###
#.###...# ## ...
....... #
#..#... ....
##...#...#.##
.#.####...#.. .
#.#..#. #.#.


You could see 4 starcursed masses and 5 ufetubi.

Vanquished Creatures
  A fire dragon (Lair:5)
  The ghost of baller8008 the Cleaver, a journeyman MiFi of Okawaru (D:10)
  A boulder beetle (D:11)
  A centaur warrior (D:9)
  6 hydras
  The ghost of Newt the Basher, a journeyman DsGl of Hepliaklqana (D:10)
  4 death yaks
  2 two-headed ogres
  The ghost of sirJeffrey23 the Devastator, a journeyman TeCj of Gozag (D:10)
  Sonja (Lair:3)
  A wretched star (Abyss:2)
  A hell knight (Volcano)
  A sixfirhy (Abyss:2)
  A shadow demon (Abyss:2)
  A manticore (D:9)
  An oklob plant (Lair:5)
  3 lindwurms
  2 cyclopes
  An ugly thing (Volcano)
  14 elephants
  A guardian serpent (Abyss:2)
  7 black mambas
  2 molten gargoyles (Lair:5)
  A smoke demon (Volcano)
  A torpor snail (Lair:3)
  7 cane toads
  Psyche (D:11)
  3 unseen horrors
  Maggie (Lair:2)
  A kobold demonologist (D:10)
  10 komodo dragons
  5 rime drakes
  An ancient zyme (Abyss:2)
  A red devil (Volcano)
  A troll (D:9)
  A hellwing (Abyss:2)
  4 hornets
  Grinder (D:6)
  Prince Ribbit (D:9)
  11 blink frogs
  A raiju (Abyss:2)
  2 vampires
  A shadow (D:11)
  Sigmund (D:3)
  3 wyverns
  A ynoxinul (Abyss:2)
  2 wraiths (D:11)
  39 yaks
  10 basilisks
  5 steam dragons
  The ghost of testman the Grave Robber, an amateur DsNe of Fedhas (D:4)
  Menkaure (D:6)
  An acid dragon (D:11)
  5 hell hounds
  16 water moccasins
  8 orc warriors
  Pargi (D:3)
  2 ice beasts
  5 wolves (Lair:3)
  2 ogres
  A small abomination (Abyss:2)
  A phantom (D:7)
  7 centaurs
  6 kobold brigands
  10 bullfrogs
  4 elf zombies (Ossuary)
  A gnoll sergeant (D:9)
  2 scorpions (D:6)
  12 wights
  11 killer bees
  5 electric eels
  4 howler monkeys
  5 jellies (Lair:4)
  5 lava snakes (Lair:5)
  6 centaur zombies (Ossuary)
  A gnoll bouda (D:10)
  3 hounds
  2 human zombies (Ossuary)
  7 orc priests
  6 starcursed masses (Abyss:2)
  3 iguanas
  21 orc wizards
  4 hell rats (Lair:1)
  3 mummies (Ossuary)
  7 gnolls
  6 adders
  3 white imps
  An ufetubus (D:6)
  2 dart slugs (D:2)
  43 orcs
  7 ball pythons
  6 endoplasms
  3 giant cockroaches
  10 goblins
  4 hobgoblins
  3 quokkas
  7 bats
  A frilled lizard (D:3)
  25 kobolds
  7 rats
478 creatures vanquished.

Vanquished Creatures (others)
  10 fungi
  12 plants
22 creatures vanquished.

Grand Total: 500 creatures vanquished

Notes
Turn   | Place    | Note
-------+----------+-------------------------------------------
     0 | D:1      | bmack86 the Minotaur Fighter began the quest for the Orb.
     0 | D:1      | Reached XP level 1. HP: 19/19 MP: 0/0
   268 | D:1      | Reached XP level 2. HP: 27/27 MP: 1/1
   387 | D:1      | Reached skill level 3 in Axes
   867 | D:2      | Reached XP level 3. HP: 27/33 MP: 2/2
  1281 | D:3      | Noticed Sigmund
  1297 | D:3      | Killed Sigmund
  1298 | D:3      | Reached skill level 4 in Axes
  1298 | D:3      | Reached XP level 4. HP: 31/41 MP: 3/3
  1298 | D:3      | Reached XP level 5. HP: 36/47 MP: 4/4
  1753 | D:3      | Reached skill level 5 in Axes
  1759 | D:3      | Noticed Pargi
  1768 | D:3      | Killed Pargi
  1769 | D:3      | Reached skill level 5 in Fighting
  1769 | D:3      | Reached XP level 6. HP: 48/56 MP: 5/5
  1808 | D:3      | Found a shimmering altar of Xom.
  1860 | D:3      | Reached skill level 5 in Armour
  2067 | D:4      | Identified a scroll of acquirement
  2067 | D:4      | Acquired a manual of Axes
  2106 | D:4      | Reached skill level 5 in Shields
  2136 | D:4      | Reached skill level 1 in Throwing
  2141 | D:4      | Found a sand-covered staircase.
  2152 | Ossuary  | Entered an ossuary
  2163 | Ossuary  | Reached skill level 6 in Axes
  2173 | Ossuary  | Reached XP level 7. HP: 52/61 MP: 6/6
  2223 | Ossuary  | Reached skill level 7 in Axes
  2353 | Ossuary  | Reached skill level 8 in Axes
  2488 | D:4      | Reached XP level 8. HP: 66/70 MP: 7/7
  2559 | D:4      | Found an iron altar of Okawaru.
  2593 | D:4      | Became a worshipper of Warmaster Okawaru
  2703 | D:4      | Reached skill level 9 in Axes
  2959 | D:4      | Found a runed translucent door.
  2959 | D:4      | Noticed testman's ghost (amateur DsNe)
  2970 | D:4      | Killed testman's ghost
  3081 | D:5      | Entered Level 5 of the Dungeon
  3113 | D:5      | Acquired a +1 broad axe of distortion
  3115 | D:5      | Acquired 1049 gold pieces
  3117 | D:5      | Acquired a +1 kite shield of protection
  3153 | D:5      | Found Dad Qice's Antique Armour Boutique.
  3163 | D:5      | Bought a pair of runed gloves for 187 gold pieces
  3207 | D:5      | Reached skill level 1 in Invocations
  3254 | D:5      | Found a blossoming altar of Fedhas.
  3340 | D:5      | Identified the +1 long sword of Circularity {freeze,
                  | Stlth+}
  3502 | D:5      | Found a staircase to the Ecumenical Temple.
  3513 | D:5      | Reached skill level 10 in Axes
  3520 | Temple   | Entered the Ecumenical Temple
  3894 | D:6      | Noticed Menkaure
  3905 | D:6      | Killed Menkaure
  3905 | D:6      | Reached * piety under Okawaru
  3909 | D:6      | Found a basalt altar of Yredelemnul.
  3912 | D:6      | Found a white marble altar of Elyvilon.
  3915 | D:6      | Found a hide-covered altar of Uskayaw.
  4075 | D:6      | Noticed Grinder
  4082 | D:6      | Paralysed by Grinder for 4 turns
  4088 | D:6      | Killed Grinder
  4089 | D:6      | Reached XP level 9. HP: 78/78 MP: 9/9
  4174 | D:6      | Reached skill level 11 in Axes
  4206 | D:6      | Reached ** piety under Okawaru
  4845 | D:7      | Reached skill level 12 in Axes
  4966 | D:7      | Found a glowing silver altar of Zin.
  5033 | D:7      | Found a sparkling altar of Nemelex Xobeh.
  5120 | D:7      | Reached *** piety under Okawaru
  5287 | D:7      | Found a sacrificial altar of Ru.
  5870 | D:8      | Reached skill level 13 in Axes
  6008 | D:8      | Found a burning altar of Makhleb.
  6047 | D:8      | Reached XP level 10. HP: 88/88 MP: 11/11
  7181 | D:9      | Reached skill level 5 in Throwing
  7326 | D:9      | Found a glowing silver altar of Zin.
  7507 | D:9      | Noticed Prince Ribbit
  7543 | D:9      | Killed Prince Ribbit
  7608 | D:9      | Found a glowing golden altar of the Shining One.
  7763 | D:9      | Noticed a cyclops
  7768 | D:9      | Killed a cyclops
  7769 | D:9      | Reached skill level 14 in Axes
  7773 | D:9      | Received a gift from Okawaru
  7783 | D:9      | Reached **** piety under Okawaru
  7884 | D:9      | Noticed an eight-headed hydra
  7888 | D:9      | Killed a five-headed hydra
  7963 | D:9      | Noticed a two-headed ogre
  7967 | D:9      | Killed a two-headed ogre
  7968 | D:9      | Reached skill level 15 in Axes
  7968 | D:9      | Reached skill level 5 in Invocations
  7968 | D:9      | Reached ***** piety under Okawaru
  8007 | D:9      | Reached XP level 11. HP: 87/95 MP: 13/13
  8128 | D:9      | Noticed a centaur warrior
  8135 | D:9      | Killed a centaur warrior
  8135 | D:9      | Received a gift from Okawaru
  8546 | D:10     | Entered Level 10 of the Dungeon
  8694 | D:10     | You are sucked into a shaft and drop 1 floor!
  8696 | D:11     | Found Aratibli's Assorted Antiques.
  8835 | D:10     | Found a runed translucent gate.
  8835 | D:10     | Found a runed translucent gate.
  8835 | D:10     | Found a runed translucent gate.
  8835 | D:10     | Noticed sirJeffrey23's ghost (journeyman TeCj)
  8836 | D:10     | Noticed Newt's ghost (journeyman DsGl)
  8836 | D:10     | Noticed baller8008's ghost (journeyman MiFi)
  8853 | D:10     | Killed sirJeffrey23's ghost
  8855 | D:10     | Killed Newt's ghost
  8856 | D:10     | Reached skill level 16 in Axes
  8878 | D:10     | Killed baller8008's ghost
  9352 | D:10     | Reached skill level 17 in Axes
  9423 | D:10     | Found a staircase to the Lair.
  9651 | D:10     | Received a gift from Okawaru
  9652 | D:10     | Reached skill level 10 in Fighting
  9657 | D:10     | Reached skill level 10 in Shields
  9657 | D:10     | Reached XP level 12. HP: 94/106 MP: 15/15
  9661 | D:10     | Reached skill level 10 in Armour
 10046 | Lair:1   | Entered Level 1 of the Lair of Beasts
 10277 | Lair:1   | Identified the +3 arbalest of the Living Dead {drain, Int+2
                  | Dex+3}
 10919 | Lair:2   | Found a hole to the Spider Nest.
 10983 | Lair:2   | Identified the +7 hand axe of Sunlight {freeze, Int+5}
                  | (Okawaru gifted it to you on level 2 of the Lair of Beasts)
 10983 | Lair:2   | Received a gift from Okawaru
 11072 | Lair:2   | Identified the +1 rapier "Woiqeun" {speed, rC- Str+2 Int+6
                  | Dex+4}
 11151 | Lair:2   | Found a dark tunnel.
 11160 | Volcano  | Entered a volcano
 11193 | Volcano  | Reached skill level 18 in Axes
 11359 | Volcano  | Reached ****** piety under Okawaru
 11495 | Lair:2   | Found a staircase to the Swamp.
 11502 | Lair:2   | Identified the +5 demon whip "Ipren" {venom, *Rage rElec
                  | Will+ Stlth+} (Okawaru gifted it to you on level 2 of the
                  | Lair of Beasts)
 11502 | Lair:2   | Received a gift from Okawaru
 11621 | Lair:2   | Found a shimmering blue altar of Sif Muna.
 11761 | Lair:2   | Noticed Maggie
 11769 | Lair:2   | Killed Maggie
 11863 | Lair:3   | Noticed Sonja
 11872 | Lair:3   | Killed Sonja
 11882 | Lair:3   | Reached XP level 13. HP: 80/116 MP: 17/17
 12055 | Lair:3   | Identified the +3 war axe "Huureck" {flame, rC+ rN++ Str-5
                  | Int+2}
 12169 | Lair:3   | Received a gift from Okawaru
 13110 | Lair:4   | You are sucked into a shaft and drop 1 floor!
 13110 | Lair:5   | Entered Level 5 of the Lair of Beasts
 13466 | Lair:5   | Received a gift from Okawaru
 13527 | Lair:5   | Received a gift from Okawaru
 13710 | Lair:5   | Found a large runed translucent door.
 13710 | Lair:5   | Noticed a fire dragon
 13721 | Lair:5   | Found a large runed translucent door.
 13852 | Lair:5   | Identified the +4 pair of gloves "Vafukim" {rC++ MP-9
                  | Slay+2} (Okawaru gifted it to you on level 5 of the Lair of
                  | Beasts)
 13852 | Lair:5   | Received a gift from Okawaru
 13853 | Lair:5   | Reached XP level 14. HP: 55/127 MP: 17/19
 14629 | Lair:4   | Found a staircase to the Slime Pits.
 15491 | D:11     | Reached skill level 10 in Throwing
 15829 | D:11     | Noticed Psyche
 15846 | D:11     | Killed Psyche
 15846 | Abyss:2  | Cast into level 2 of the Abyss (Psyche)
 16010 | Abyss:2  | HP: 3/129 [starcursed mass/accursed screaming (8)]
 16025 | Abyss:2  | HP: 3/129 [starcursed mass/accursed screaming (9)]
 16028 | Abyss:2  | Killed from afar by a starcursed mass

Illustrated notes

Levels and vault maps discovered:
D:1:      amcnicky_arrival_gap_in_the_tavern_cellar, layout_loops_corners
D:2:      layout_rooms, st_stairs_14, corexii_hall_statues_x
D:3:      layout_loops_ring, tgw_xom, st_stairs_6, uniq_sigmund, uniq_pargi
D:4:      layout_rooms, okawaru_trees_1, enter_ossuary_3, gammafunk_ghost_grave
D:5:      nicolae_cairo_tiling_very_big, layout_cave_pools, fedhas_altar_4,
          temple_statues, serial_shops, shop_statue, kennysheep_generic_room_10
D:6:      nicolae_cairo_tiling_large_dashed, layout_basic,
          chequers_temple_overflow_statue_of_worship, uniq_grinder,
          uniq_menkaure
D:7:      nicolae_cairo_tiling, layout_loops_ring,
          nicolae_ru_the_path_less_chosen, st_stairs_6,
          hangedman_feature_mirror, kennysheep_path_1
D:8:      layout_loops_cross, lightli_temple_of_fire, minivault_14,
          minmay_misc_feat_five
D:9:      minmay_the_grid_3x3 [minmay_the_grid_tiny_cups,
          minmay_the_grid_outer_circle, minmay_the_grid_fan,
          minmay_the_grid_gridbox, minmay_the_grid_spikes,
          minmay_the_grid_odd_star, minmay_the_grid_minigrid_small,
          minmay_the_grid_plusring, minmay_the_grid_prize_diamond_cup],
          layout_cave_pods, mainiacjoe_overflow_boulevard,
          mainiacjoe_overflow_alcove_2, uniq_prince_ribbit1
D:10:     minmay_evil_eye, layout_basic, lair_entry_dummy,
          gammafunk_ghost_cemetery
D:11:     layout_roguey, david_orc_4, serial_shops, shop, st_stairs_6,
          uniq_psyche
Temple:   nicolae_temple_bog_church
Lair:1:   layout_cave_pods, nicolae_lair_lindhole
Lair:2:   layout_roguey, swamp_mist, dummy_spider_entry, basic_altar,
          nicolae_volcano_entry_s_turn, grunt_megastairs_4, uniq_maggie
Lair:3:   layout_roguey, serial_bayou_shore_a, uniq_sonja
Lair:4:   layout_cave_pods, nicolae_slime_entry_field_trip
Lair:5:   cheibrodos_lair_end_hotspot, layout_concentric_octagons, st_stairs_8
Abyss:2:  base:
D:3

Skill      XL: |  1  2  3  4  5  6  7  8  9 10 11 12 13 14 |
---------------+-------------------------------------------+-----
Axes           | 3 4 5 6 8 10 13 15 17 18 | 18.0
Fighting       | 4 5 6 7 8 10 11 12 13 | 13.1
Shields        | 4 5 6 7 8 10 11 12 13 | 13.1
Armour         | 4 5 6 7 8 9 11 12 13 | 13.1
Throwing       | 1 2 3 4 5 7 8 9 10 | 10.0
Invocations    | 2 3 5 6 7 9 |  9.8

Action                     |  1- 3 |  4- 6 |  7- 9 | 10-12 | 13-15 || total
---------------------------+-------+-------+-------+-------+-------++-------
  Melee: War axe           |   101 |    58 |   216 |   416 |   255 ||  1046
         Headbutt          |    11 |     5 |    25 |    73 |    82 ||   196
         Broad axe         |       |       |       |       |    81 ||    81
         Unarmed           |       |       |       |       |     4 ||     4
  Throw: Dart              |       |     4 |    12 |     7 |     7 ||    30
         Boomerang         |       |       |       |       |    40 ||    40
 Invoke: Heroism           |       |       |     2 |     4 |     6 ||    12
         Finesse           |       |       |       |     1 |     2 ||     3
    Use: Scroll            |     3 |     7 |    17 |    17 |     1 ||    45
         Potion            |       |       |       |     3 |     2 ||     5
   Stab: Invisible         |       |       |       |     1 |       ||     1
 Armour: Chain mail        |    96 |    68 |   169 |       |       ||   333
         Scale mail        |     1 |       |       |       |       ||     1
         Plate armour      |       |       |    67 |   238 |   233 ||   538
         Skin              |       |       |       |       |     2 ||     2
  Dodge: Dodged            |    42 |    35 |    85 |    90 |    84 ||   336
  Block: Buckler           |    22 |    16 |    25 |       |       ||    63
         Kite shield       |       |       |   103 |   339 |   344 ||   786
         Reflection        |       |       |       |    13 |    12 ||    25

Table legend: (Time is in decaauts)
 A = Elapsed time spent in this place.
 B = Non-inter-level travel time spent in this place.
 C = Inter-level travel time spent in this place.
 D = Time resting spent in this place.
 E = Time spent auto-exploring this place.
 F = Levels seen in this place.
 G = Mean time per level.
                   A        B        C        D        E       F      G
               +--------+--------+--------+--------+--------+-----+--------+
         Total |  15987 |  15513 |    474 |    682 |  10202 |  20 |  799.3 |
       Dungeon |  10140 |   9857 |    283 |    445 |   6564 |  11 |  921.8 |
        Temple |    184 |    175 |      9 |      0 |    162 |   1 |  184.0 |
          Lair |   4993 |   4811 |    182 |    175 |   3341 |   5 |  998.6 |
         Abyss |    181 |    181 |      0 |      0 |      0 |   1 |  181.0 |
       Ossuary |    237 |    237 |      0 |     62 |      0 |   1 |  237.0 |
       Volcano |    249 |    249 |      0 |      0 |    134 |   1 |  249.0 |
               +--------+--------+--------+--------+--------+-----+--------+

Top non-repeatable levels by time:
     D:9: 1726 daAuts
  Lair:5: 1408 daAuts
     D:7: 1244 daAuts
    D:10: 1239 daAuts
  Lair:3: 1200 daAuts
     D:8: 1115 daAuts
  Lair:1: 908 daAuts
     D:1: 858 daAuts
     D:3: 797 daAuts
     D:4: 796 daAuts
  Lair:4: 796 daAuts
     D:6: 757 daAuts
  Lair:2: 680 daAuts
     D:5: 579 daAuts
    D:11: 567 daAuts
